 Dungeon Crawl Stone Soup version 0.29.0-13-gc9e81de378 (webtiles) character file.

Game seed: 12181877671218617130

16475 SensoryNuts the Severer (level 12, -1/105 (106) HPs)
             Began as a Hill Orc Fighter on Sept 8, 2022.
             Slain by an orc warrior
             ... wielding a +0 short sword
              (12 damage)
             ... on level 2 of the Orcish Mines.
             The game lasted 00:11:18 (10577 turns).

SensoryNuts the Severer (Hill Orc Fighter)         Turns: 10577, Time: 00:11:19

HP:   -1/105 (106)  AC: 21    Str: 30    XL:     12   Next: 37%
MP:   12/12         EV:  5    Int:  8    God:
Gold: 1085          SH: 13    Dex: 10    Spells: 11/11 levels left

rFire   . . .      SeeInvis +   H - +3 broad axe (venom)
rCold   . . .      Faith    .   I - +0 tower shield
rNeg    . . .      Spirit   .   q - +2 plate armour
rPois   +          Reflect  .   (no helmet)
rElec   .          Harm     .   D - +1 cloak of Hedging {rPois Str+6}
rCorr   .          Rampage  .   j - +0 pair of gloves
Will    .....                   s - +0 pair of boots of Iburri {Will- Regen+ SInv}
Stlth   ..........              (no amulet)
HPRegen 1.07/turn               (no ring)
MPRegen 0.13/turn               (no ring)

@: mighty, silenced (expiring), flying, studying Unarmed Combat, lightly drained
A: no striking features
a: no special abilities


You were on level 2 of the Orcish Mines.
You visited 3 branches of the dungeon, and saw 14 of its levels.
You also visited: Sewer.

You collected 1085 gold pieces.

Inventory:

Hand Weapons
 a - a +3 spectral war axe
 H - a +3 broad axe of venom (weapon)
Missiles
 m - 4 throwing nets (quivered)
Armour
 j - a +0 pair of gloves (worn)
 q - a +2 plate armour (worn)
 s - the +0 pair of boots of Iburri (worn) {Will- Regen+ SInv}
   (You found it on level 2 of the Dungeon)

   SInv:      It lets you see invisible.
   Regen:     It increases your rate of health regeneration.
   Will:      It decreases your willpower.
 D - the +1 cloak of Hedging (worn) {rPois Str+6}
   (You found it on level 7 of the Dungeon)

   Str:       It affects your strength (+6).
   rPois:     It protects you from poison.
 I - a +0 tower shield (worn)
Jewellery
 f - a ring of wizardry
 o - a ring of wizardry
 C - a ring of ice
 E - a ring of protection from fire
 F - a ring of resist corrosion
Wands
 d - a wand of polymorph (12)
 p - a wand of flame (18)
 u - a wand of digging (3)
 x - a wand of mindburst (7)
Scrolls
 h - 5 scrolls of amnesia
 i - 2 scrolls of noise
 l - 4 scrolls of teleportation
 n - 2 scrolls of silence
 y - 2 scrolls of blinking
Potions
 b - 4 potions of mutation
 e - 8 potions of curing
 g - a potion of lignification
 k - 3 potions of brilliance
 r - 6 potions of flight
 t - 3 potions of degeneration
 v - 4 potions of heal wounds
 w - a potion of magic
 A - a potion of ambrosia
 B - 4 potions of attraction
 G - a potion of cancellation


   Skills:
 + Level 10.2 Fighting
 * Level 18.9 Axes
 + Level 9.9 Armour
 + Level 1.6 Dodging
 + Level 2.9 Stealth
 + Level 6.3 Shields


You had 11 spell levels left.
You didn't know any spells.
Your spell library contained the following spells:

 Spells                   Type           Power      Damage    Failure   Level
 Necrotise                Necr           0%         1d4       100%        1
 Dazzling Flash           Conj/Hex       0%         N/A       100%        3
 Vampiric Draining        Necr           0%         2d6       100%        3
 Hailstorm                Conj/Ice       0%         3d3       100%        4
 Petrify                  Tmut/Erth      0%         N/A       100%        4
 Sticky Flame             Conj/Fire      0%         2d3       100%        4
 Agony                    Necr           0%         N/A       100%        5
 Metabolic Englaciation   Hex/Ice        0%         N/A       100%        5
 Silence                  Hex/Air        0%         N/A       100%        5
 Conjure Ball Lightning   Conj/Air       0%         3x3d6     100%        6
 Statue Form              Tmut/Erth      0%         N/A       100%        6


Dungeon Overview and Level Annotations

Branches:
Dungeon (11/15)            Temple (1/1) D:5            Lair (0/5) D:10
    Orc (2/2) D:11          Sewer (visited)
    Elf: Orc:2

Altars:
Ashenzari
Cheibriados
Dithmenos
Elyvilon
Fedhas
Gozag
Hepliaklqana
Kikubaaqudgha
Makhleb
Nemelex Xobeh
Okawaru
Qazlal
Ru
Sif Muna
Trog
Uskayaw
Vehumet
Wu Jian
Xom
Yredelemnul
Zin
The Shining One

Shops:
D:1 *[!?(   D:2 (   D:4 [?   D:6 *   D:9 :

Annotations:
D:5 2 transporters, Vadun's ghost, novice MeFi


Message History

The orc warrior is healed somewhat.
An orc priest comes into view. It is wielding a +0 mace.
You block the orc priest's attack.
The orc warrior hits you but does no damage.
The orc hits you with a +0 hand axe! You block the orc warrior's attack.
The orc knight roars a battlecry!
The orcs go into a battle-frenzy!
An orc knight comes into view. It is wielding a +0 war axe.
The orc warrior hits you with a +0 long sword!
The orc priest moves out of view.
Items here: ))) [[ ††.
You hit the orc priest.
The orc priest is poisoned.
The orc priest is moderately wounded.
You slash the orc warrior!
You kill the orc warrior!
You slash the orc warrior!
The orc warrior looks as sick as possible!
You slash the orc warrior!
The orc warrior is poisoned.
You slice the orc!!
You kill the orc!
You slash the orc warrior!
The orc warrior looks as sick as possible!
You block the orc priest's attack.
The orc warrior hits you with a +0 scimitar!
* * * LOW HITPOINT WARNING * * *
You block the orc warrior's attack.
The orc knight roars a battlecry!
The orc knight goes into a battle-frenzy!
Okay, then.
Magic scrolls do not work when you're silenced!
You slash the orc warrior!
The orc warrior is heavily wounded.
You slash the orc warrior!
You kill the orc warrior!
You slash the orc!
You kill the orc!
You completely miss the orc warrior. You barely miss the orc priest.
The orc warrior hits you with a +0 scimitar!
* * * LOW HITPOINT WARNING * * *
The orc warrior hits you with a +0 short sword!
You die... o....# ..... ##oo.. #oooo ### ## ##ooo

###.##.## #.oo# #...#...#
#).#### ##......# ##o@##.#
.#.....### ##.oo)..# #
.........####..)..).#.##
..........#.....))..#..##
....##....).)..##.).....##
....###.......#####......#
..####........# #))......#
..###.........#
#........##
...#....................##


You could see 3 orc knights, 2 orc warriors, 7 orc priests and 3 orcs.

Vanquished Creatures
  An ettin (Orc:1)
  Josephine (D:10)
  Harold (D:10)
  A boulder beetle (D:11)
  A two-headed ogre (D:10)
  Sonja (D:10)
  An orc knight (Orc:2)
  An ugly thing (D:11)
  2 cyclopes
  A manticore (D:10)
  Joseph (D:8)
  A gargoyle (D:11)
  2 trolls
  2 shadows
  9 yaks
  5 wraiths (D:10)
  A wyvern (D:7)
  2 vampire mosquitoes (D:11)
  A steam dragon (D:8)
  3 wargs (D:10)
  An acid dragon (D:10)
  3 water moccasins
  A black bear (D:7)
  20 orc warriors
  2 ice beasts (D:7)
  2 ogres (Orc:1)
  2 phantoms
  4 centaurs
  A kobold brigand (Sewer)
  A bullfrog (D:8)
  A necrophage (D:7)
  4 scorpions
  2 wyvern zombies (D:7)
  7 wights
  22 killer bees
  3 howler monkeys
  4 hounds
  12 orc priests
  Crazy Yiuf (D:3)
  Ijyb (D:4)
  Jessica (D:2)
  3 iguanas
  Natasha (twice) (D:2)
  Terence (D:3)
  18 orc wizards
  A killer bee zombie (D:7)
  A howler monkey zombie (D:7)
  6 gnolls
  8 adders
  5 river rats
  An ufetubus (D:7)
  2 dart slugs (D:3)
  84 orcs
  6 ball pythons
  4 endoplasms
  4 giant cockroaches
  8 goblins
  6 hobgoblins
  14 jackals
  4 quokkas
  3 frilled lizards
  7 kobolds
  9 rats
  A spectral hobgoblin (D:4)
331 creatures vanquished.

Vanquished Creatures (others)
  A fungus (D:3)
  A plant (D:5)
  A withered plant (D:7)
3 creatures vanquished.

Grand Total: 334 creatures vanquished

Notes
Turn   | Place    | Note
-------+----------+-------------------------------------------
     0 | D:1      | SensoryNuts the Hill Orc Fighter began the quest for the
                  | Orb.
     0 | D:1      | Reached XP level 1. HP: 19/19 MP: 1/1
    60 | D:1      | Found Bimuloll's Assorted Antiques.
    70 | D:1      | Got the Exposition on Attacks
    72 | D:1      | Found Orid's Armour Boutique.
   211 | D:1      | Reached XP level 2. HP: 27/27 MP: 2/2
   264 | D:1      | Found a faded altar of an unknown god.
   521 | D:1      | Found Deisour's Distillery.
   522 | D:1      | Found Eghesas's Magic Scroll Emporium.
   636 | D:1      | Found Petiel's Weapon Shop.
   680 | D:1      | Reached skill level 3 in Axes
   999 | D:2      | Reached XP level 3. HP: 32/33 MP: 3/3
  1065 | D:2      | Noticed Jessica
  1072 | D:2      | Killed Jessica
  1260 | D:2      | Reached skill level 4 in Axes
  1260 | D:2      | Reached XP level 4. HP: 40/40 MP: 4/4
  1428 | D:2      | Found Ryigaty's Antique Weapon Shop.
  1550 | D:2      | Noticed Natasha
  1567 | D:2      | Killed Natasha
  1605 | D:2      | Reached XP level 5. HP: 26/46 MP: 5/5
  1835 | D:2      | Identified the +0 pair of boots of Iburri {Will- Regen+
                  | SInv}
  2080 | D:2      | Noticed Natasha
  2086 | D:2      | Killed Natasha
  2087 | D:2      | Reached skill level 5 in Axes
  2399 | D:3      | Reached skill level 6 in Axes
  2399 | D:3      | Reached XP level 6. HP: 53/53 MP: 6/6
  2452 | D:3      | Noticed Terence
  2455 | D:3      | Noticed a water moccasin
  2463 | D:3      | Killed Terence
  2471 | D:3      | Killed a water moccasin
  2472 | D:3      | Reached skill level 7 in Axes
  2628 | D:3      | Found a runed translucent door.
  2629 | D:3      | Noticed Crazy Yiuf
  2957 | D:3      | Killed Crazy Yiuf
  3010 | D:4      | Reached XP level 7. HP: 49/60 MP: 7/7
  3017 | D:4      | Reached skill level 5 in Fighting
  3023 | D:4      | Reached skill level 8 in Axes
  3128 | D:4      | Reached skill level 5 in Armour
  3144 | D:4      | Found Duviloun's Armour Boutique.
  3176 | D:4      | Noticed Ijyb
  3190 | D:4      | Killed Ijyb
  3191 | D:4      | Reached skill level 1 in Dodging
  3276 | D:4      | Found a hazy altar of Hepliaklqana.
  3301 | D:4      | Found a sparkling altar of Nemelex Xobeh.
  3301 | D:4      | Found an ancient bone altar of Kikubaaqudgha.
  3324 | D:4      | Found a broken altar of Ashenzari.
  3387 | D:4      | Reached skill level 9 in Axes
  3387 | D:4      | Reached XP level 8. HP: 70/70 MP: 8/8
  3424 | D:4      | Found a shimmering altar of Xom.
  3509 | D:4      | Found Xoinon's Magic Scroll Boutique.
  3745 | D:4      | Found a shimmering blue altar of Sif Muna.
  3838 | D:5      | Entered Level 5 of the Dungeon
  3929 | D:5      | Found a glowing drain.
  3954 | Sewer    | Entered a sewer
  4071 | Sewer    | Found a white marble altar of Elyvilon.
  4302 | D:5      | Reached skill level 10 in Axes
  4362 | D:5      | Found a staircase to the Ecumenical Temple.
  4444 | D:5      | Found an iron altar of Okawaru.
  4592 | D:5      | Found a glowing golden altar of the Shining One.
  4752 | D:5      | Noticed Vadun's ghost (novice MeFi)
  4753 | D:5      | Found a transporter.
  4755 | D:5      | Identified the +2 dire flail "Ruh Riy" {vorpal, MP+9 Dex-4
                  | Stlth+}
  4765 | D:5      | Found a transporter.
  4821 | Temple   | Entered the Ecumenical Temple
  5160 | D:6      | Reached skill level 11 in Axes
  5256 | D:6      | Reached XP level 9. HP: 72/75 MP: 9/9
  5328 | D:6      | Found an opulent altar of Gozag.
  5330 | D:6      | Found Gozag's Platinum Reserve.
  5360 | D:6      | Reached skill level 1 in Stealth
  5734 | D:7      | Reached skill level 12 in Axes
  5858 | D:7      | Identified the +1 cloak of Hedging {rPois Str+6}
  5888 | D:7      | Reached skill level 13 in Axes
  6037 | D:7      | Found a basalt altar of Yredelemnul.
  6046 | D:7      | Found an ornate altar of the Wu Jian Council.
  6480 | D:8      | Noticed Joseph
  6490 | D:8      | Killed Joseph
  6491 | D:8      | Reached skill level 14 in Axes
  6491 | D:8      | Reached XP level 10. HP: 47/86 MP: 10/10
  7297 | D:9      | Reached skill level 15 in Axes
  7445 | D:9      | Found Oduannal's Tremendous Tomes.
  7972 | D:10     | Entered Level 10 of the Dungeon
  8291 | D:10     | Noticed a manticore
  8301 | D:10     | Reached skill level 5 in Shields
  8304 | D:10     | Killed a manticore
  8305 | D:10     | Reached skill level 16 in Axes
  8305 | D:10     | Reached XP level 11. HP: 79/95 MP: 11/11
  8375 | D:10     | Noticed Josephine
  8388 | D:10     | Killed Josephine
  8458 | D:10     | Noticed a two-headed ogre
  8467 | D:10     | Killed a two-headed ogre
  8503 | D:10     | Noticed Harold
  8511 | D:10     | Killed Harold
  8512 | D:10     | Reached skill level 17 in Axes
  8584 | D:10     | Found a staircase to the Lair.
  8615 | D:10     | Noticed a cyclops
  8624 | D:10     | Killed a cyclops
  8707 | D:10     | Noticed Sonja
  8738 | D:10     | Killed Sonja
  9058 | D:11     | Noticed a purple ugly thing
  9068 | D:11     | Killed a purple ugly thing
  9192 | D:11     | Noticed a boulder beetle
  9220 | D:11     | Reached skill level 18 in Axes
  9229 | D:11     | Killed a boulder beetle
  9230 | D:11     | Reached XP level 12. HP: 89/106 MP: 12/12
  9528 | D:11     | Found a staircase to the Orcish Mines.
 10129 | Orc:1    | Entered Level 1 of the Orcish Mines
 10206 | Orc:1    | Noticed an ettin
 10213 | Orc:1    | Killed an ettin
 10214 | Orc:1    | Reached skill level 10 in Fighting
 10494 | Orc:2    | Entered Level 2 of the Orcish Mines
 10577 | Orc:2    | Slain by an orc warrior

Illustrated notes

Levels and vault maps discovered:
D:1:      elethiomel_arrival_infinity_welcomes_careful_drivers, layout_basic,
          serial_shops, shop, shop, shop, shop_fountains, shop,
          hellmonk_ecumenical_altar_crossroads, hangedman_decor_riveting
D:2:      layout_basic, serial_shops, nicolae_square_shop, uniq_jessica,
          uniq_natasha
D:3:      layout_loops_ring, uniq_terence, uniq_crazy_yiuf_cottage
D:4:      layout_loops_cross, mainiacjoe_overflow_catwalk, kennysheep_mini_moat,
          lemuel_blue_sif_altar, nicolae_overflow_two_pavilions,
          nicolae_hepliaklqana_monster_ancestors, serial_shops, shop_statue,
          shop, uniq_ijyb
D:5:      layout_loops_ring, okawaru_gym_becter, tso_oasis_becter,
          minmay_temple_entry_glass, gammafunk_ghost_smash, portal_sewer_entry_c
D:6:      layout_rooms, nicolae_gozag_zags_fifth_avenue, serial_rivers,
          chequers_serial_rivers_micro_a, chequers_serial_rivers_room_b,
          chequers_serial_rivers_micro_d, chequers_serial_rivers_large_b,
          chequers_serial_rivers_marsh
D:7:      layout_basic, mainiacjoe_overflow_swirl, serial_undead,
          serial_undead_a, serial_undead_f, serial_undead_a, serial_undead_e,
          minmay_manual_mares
D:8:      layout_basic, uniq_joseph
D:9:      layout_basic, nicolae_shop_i_like_big_books
D:10:     layout_roguey, erik_lair_orcish_takeover, serial_co_window_serial,
          co_window_paths_a, co_window_paths_a, co_window_paths_a,
          co_window_paths_a, co_window_paths_b, co_window_unsneaky_path_b,
          co_window_corner_ca, co_window_2corner, co_window_2corner,
          co_window_sun, co_window_4corner_b, glass_columns_a, glass_columns_b,
          uniq_harold, uniq_sonja, uniq_josephine
D:11:     layout_basic, hiddenorc1_lemuel
Temple:   chequers_temple_sunken
Orc:1:    layout_caves, minmay_orc_treasury
Orc:2:    st_orc_pillars, layout_diamond_mine, serial_shops, shop,
          nicolae_orc_tapped_out

Skill      XL: |  1  2  3  4  5  6  7  8  9 10 11 12 |
---------------+-------------------------------------+-----
Axes           | 3 4 6 7 9 11 14 16 18 | 18.9
Fighting       | 4 5 6 7 8 9 10 | 10.2
Armour         | 4 5 6 8 9 |  9.9
Dodging        | 1 |  1.6
Shields        | 4 5 6 |  6.3
Stealth        | 1 2 |  2.9

Action                   |  1- 3 |  4- 6 |  7- 9 | 10-12 || total
-------------------------+-------+-------+-------+-------++-------
Melee: War axe           |    68 |   113 |   232 |   163 ||   576
       Broad axe         |       |       |       |   174 ||   174
  Use: Scroll            |       |     9 |    12 |     4 ||    25
       Potion            |       |     2 |       |     7 ||     9
 Stab: Invisible         |       |     1 |       |       ||     1
       Distracted        |       |       |     2 |     3 ||     5
Armor: Scale mail        |    46 |       |       |       ||    46
       Plate armour      |       |    74 |   154 |   158 ||   386
       Skin              |       |       |     3 |       ||     3
Dodge: Dodged            |    26 |    33 |    50 |    68 ||   177
Block: Buckler           |    12 |    24 |    49 |    29 ||   114
       Tower shield      |       |       |       |    89 ||    89
